 Seeded DCSS version 0.30-a0-125-g51eefa89be (webtiles) character file.

Game seed: 13279993624764864286 (custom seed)

1782 SigmundSlayer the Trooper (level 8, -8/65 HPs)
             Began as a Demonspawn Fighter on Sept 18, 2022.
             Was a Follower of Cheibriados.
             Mangled by a shadow wraith (20 damage)
             ... created by the anger of Yredelemnul
             ... on level 5 of the Dungeon.
             The game lasted 00:06:01 (4456 turns).

SigmundSlayer the Trooper (Demonspawn Fighter)      Turns: 4456, Time: 00:06:02

Health: -8/65      AC:  7    Str: 22    XL:     8   Next: 81%
Magic:  8/8        EV:  9    Int: 12    God:    Cheibriados [*.....]
Gold:   786        SH: 15    Dex: 16    Spells: 7/7 levels left

rFire   . . .      SeeInvis .    a - +0 war axe
rCold   . . .      Faith    .    b - +0 kite shield
rNeg    + . .      Spirit   .    i - +1 ring mail {Will+}
rPois   +          Reflect  +    (helmet unavailable)
rElec   .          Harm     .    (no cloak)
rCorr   .          Rampage  .    (no gloves)
Will    +....                    (no boots)
Stlth   +.........               e - amulet of reflection
HPRegen 0.20/turn                t - ring of poison resistance
MPRegen 0.11/turn                w - ring of positive energy

@: slowed, very slow
A: horns 3, sturdy frame 1, demonic magic 2
a: Renounce Religion, Bend Time


You were on level 5 of the Dungeon.
You worshipped Cheibriados.
Cheibriados was aware of your devotion.
You visited 2 branches of the dungeon, and saw 6 of its levels.

You collected 786 gold pieces.

Inventory:

Hand Weapons
 a - a +0 war axe (weapon)
Missiles
 x - 5 throwing nets (quivered)
Armour
 b - a +0 kite shield (worn)
 i - a +1 ring mail of willpower (worn)
Jewellery
 e - an amulet of reflection (around neck)
 h - an amulet of regeneration
 t - a ring of poison resistance (left hand)
 w - a ring of positive energy (right hand)
Wands
 s - a wand of quicksilver (9)
Scrolls
 d - a scroll of vulnerability {unknown}
 g - 3 scrolls of teleportation {unknown}
 j - 3 scrolls of magic mapping {unknown}
 k - 2 scrolls of amnesia {unknown}
 q - 2 scrolls of identify {unknown}
 u - a scroll of enchant weapon {unknown}
 v - a scroll of immolation {unknown}
Potions
 l - 2 potions of lignification {unknown}
 m - 2 potions of curing {unknown}
 n - a potion of ambrosia {unknown}
 o - a potion of flight {unknown}
 p - 2 potions of attraction {unknown}
 r - 2 potions of mutation {unknown}


   Skills:
 + Level 6.4 Fighting
 + Level 5.4 Axes
 + Level 5.8 Armour
 + Level 5.8 Shields


You had 7 spell levels left.
You didn't know any spells.
Your spell library contained the following spells:

 Spells                   Type           Power      Damage    Failure   Level
 Call Canine Familiar     Summ           0%         N/A       98%         3
 Portal Projectile        Hex/Tloc       0%         N/A       98%         3
 Leda's Liquefaction      Hex/Erth       0%         N/A       100%        4


Dungeon Overview and Level Annotations

Branches:
Dungeon (5/15)             Temple (1/1) D:5

Altars:
Ashenzari
Cheibriados
Dithmenos
Makhleb
Okawaru
Trog
Uskayaw
Xom
Yredelemnul

Shops:
D:2 [   D:5 *


Innate Abilities, Weirdness & Mutations

You have a pair of large horns on your head.
Your movements are slightly less encumbered by armour. (ER -2)
Spells you cast may paralyse nearby enemies.


Message History

Yredelemnul sends servants to punish you.
A bog body comes into view.
A bog body is nearby!
A bog body is nearby!
You closely miss the bog body. You headbutt the bog body!
The bog body is heavily damaged.
You hit the bog body. You headbutt the bog body!
The bog body is severely damaged.
The bog body gestures at you while chanting.
You easily resist.
You slash the bog body! You headbutt the bog body.
You destroy the bog body!
That felt strangely unrewarding.
No target in view!
No target in view!
No target in view!
No target in view!
No target in view!
No target in view!
No target in view!
No target in view!
No target in view!
No target in view!
Something hits you!! Something drains your vigour!
You feel yourself slow down.
Deactivating autopickup; reactivate with Ctrl-A.
Something hits you! You block something's attack. You block something's attack.
Something hits you! Something drains your vigour!
You feel as though you will be slow longer.
You are too injured to fight recklessly!
Okay, then.
You start resting.
Something hits you but does no damage.
You start resting.
Something hits you but does no damage. x2
Something hits you!
* * * LOW HITPOINT WARNING * * *
Something drains your vigour!
You feel as though you will be slow longer.
As you read the scroll labelled DALYGESOA, it crumbles to dust.
The scroll dissolves into smoke.
It was a scroll of fog.
Something hits you!!
You die...

##..####..........##........
#.##..##........###........
#.##..##....#..............
#..#)'#....<##.......###...
#............#.......###...
######.........#..........#
####§§.§..#........).#
##§§...#####..#...#
#@§§........##..>)
#§§§........ #...#.
.§.§§.....#.#...###.
#..........## #.......
##......#...# ##..#...
##.#...##..# ## ##.. ###..##
### ### #### #


There were no monsters in sight!

Vanquished Creatures
  A bog body (D:5)
  Grinder (D:3)
  A sky beast (D:5)
  An ice beast (D:5)
  A black bear (D:4)
  2 wolves (D:5)
  A centaur (D:5)
  A phantom (D:3)
  A gnoll sergeant (D:5)
  A scorpion (D:4)
  A necrophage (D:4)
  A howler monkey (D:4)
  A jelly (D:5)
  2 orc priests (D:5)
  2 gnoll boudas (D:5)
  2 hounds (D:5)
  2 iguanas
  An orc wizard (D:5)
  15 gnolls (D:5)
  6 adders
  A worm (D:3)
  6 dart slugs
  9 orcs
  8 endoplasms
  3 giant cockroaches
  11 goblins
  9 hobgoblins
  5 jackals
  4 kobolds
  2 quokkas
  7 ball pythons
  4 bats (D:1)
  5 frilled lizards
  2 rats
120 creatures vanquished.

Vanquished Creatures (collateral kills)
  Sigmund (D:4)
  A hound (D:4)
  3 jackals (D:4)
  A quokka (D:4)
  A ball python (D:4)
  A kobold (D:2)
8 creatures vanquished.

Vanquished Creatures (others)
  A kobold (D:4)
  A ball python zombie (D:4)
  A goblin zombie (D:4)
  3 jackal zombies (D:4)
  An orc zombie (D:4)
7 creatures vanquished.

Grand Total: 135 creatures vanquished

Notes
Turn   | Place    | Note
-------+----------+-------------------------------------------
     0 | D:1      | SigmundSlayer the Demonspawn Fighter began the quest for
                  | the Orb.
     0 | D:1      | Reached XP level 1. HP: 18/18 MP: 1/1
   104 | D:1      | Gained mutation: You have a pair of small horns on your
                  | head. [demonic ancestry]
   104 | D:1      | Reached XP level 2. HP: 24/24 MP: 2/2
   340 | D:1      | Gained mutation: Spells you cast may paralyse adjacent
                  | enemies. [demonic ancestry]
   340 | D:1      | Reached XP level 3. HP: 27/29 MP: 3/3
   422 | D:1      | Found a faded altar of an unknown god.
   429 | D:1      | Prayed at the altar of an unknown god.
   429 | D:1      | Became a worshipper of Yredelemnul the Dark
   429 | D:1      | Reached * piety under Yredelemnul
  1049 | D:2      | Found Piestuuv's Antique Armour Shop.
  1108 | D:2      | Identified the +6 dagger "Xaufig" {drain, Int+4}
  1143 | D:2      | Gained mutation: You have a pair of horns on your head.
                  | [demonic ancestry]
  1143 | D:2      | Reached XP level 4. HP: 35/35 MP: 4/4
  1326 | D:3      | Noticed a phantom
  1336 | D:3      | Killed a phantom
  1337 | D:3      | Gained mutation: You have a pair of large horns on your
                  | head. [demonic ancestry]
  1337 | D:3      | Reached XP level 5. HP: 42/42 MP: 5/5
  1431 | D:3      | Noticed Grinder
  1459 | D:3      | Killed Grinder
  1460 | D:3      | Reached skill level 4 in Fighting
  1460 | D:3      | Gained mutation: Spells you cast may paralyse nearby
                  | enemies. [demonic ancestry]
  1460 | D:3      | Reached XP level 6. HP: 43/49 MP: 6/6
  2332 | D:4      | Reached XP level 7. HP: 49/55 MP: 7/7
  2351 | D:4      | Found a burning altar of Makhleb.
  2358 | D:4      | Reached ** piety under Yredelemnul
  2410 | D:4      | Noticed Sigmund
  2421 | D:4      | Killed Sigmund
  2422 | D:4      | Reached skill level 5 in Fighting
  2994 | D:5      | Entered Level 5 of the Dungeon
  2995 | D:5      | Found a staircase to the Ecumenical Temple.
  3024 | D:5      | Reached skill level 5 in Armour
  3024 | D:5      | Reached skill level 5 in Shields
  3024 | D:5      | Gained mutation: Your movements are slightly less
                  | encumbered by armour. (ER -2) [demonic ancestry]
  3024 | D:5      | Reached XP level 8. HP: 6/63 MP: 8/8
  3073 | Temple   | Entered the Ecumenical Temple
  3323 | Temple   | Fell from the grace of Yredelemnul
  3323 | Temple   | Became a worshipper of Cheibriados the Contemplative
  3374 | D:5      | Found Vynitwim's General Store.
  3901 | D:5      | Reached * piety under Cheibriados
  3903 | D:5      | Reached skill level 6 in Fighting
  3903 | D:5      | Reached skill level 5 in Axes
  4082 | D:5      | Identified the +6 falchion of the Hurtling Jester {venom,
                  | Str+4}
  4447 | D:5      | Noticed a bog body
  4449 | D:5      | Killed a bog body
  4456 | D:5      | Mangled by a shadow wraith

Illustrated notes

Levels and vault maps discovered:
D:1:      minmay_arrival_shattered_statue, layout_rooms,
          shapermc_ecumenical_altar_petra, grunt_decor_fettered
D:2:      cheibrodos_greedy_goblins, layout_basic, serial_shops,
          nicolae_square_shop, serial_bayou_pond_e, grunt_decor_arrowhead
D:3:      layout_loops_ring, uniq_grinder
D:4:      minmay_polygon_palace, layout_rooms, makhleb_heckhound_becter,
          uniq_sigmund
D:5:      layout_cave_pools, minmay_temple_entry_purple_smoke,
          serial_gnoll_camp, gnoll_camp_mini_house, gnoll_camp_mini_shop,
          gnoll_camp_mini_loothouse, gnoll_camp_medium_01,
          gnoll_camp_mini_house, gnoll_camp_mini_hut
Temple:   nicolae_temple_bog_church

Skill      XL: |  1  2  3  4  5  6  7  8 |
---------------+-------------------------+-----
Axes           | 2 3 4 5 |  5.4
Armour         | 3 4 5 |  5.8
Shields        | 3 4 5 |  5.8
Fighting       | 4 5 6 |  6.4

Action                   |  1- 3 |  4- 6 |  7- 9 || total
-------------------------+-------+-------+-------++-------
Melee: War axe           |    91 |    80 |   152 ||   323
       Headbutt          |    10 |     8 |    30 ||    48
Invok: Dark Bargain      |       |       |     1 ||     1
  Use: Potion            |       |       |     3 ||     3
       Scroll            |       |       |     1 ||     1
 Stab: Distracted        |       |     1 |       ||     1
Armor: Scale mail        |    31 |       |       ||    31
       Ring mail         |     8 |    27 |    57 ||    92
Dodge: Dodged            |    33 |    19 |    68 ||   120
Block: Buckler           |    28 |       |       ||    28
       Reflection        |     4 |     3 |    13 ||    20
       Kite shield       |    19 |    64 |   174 ||   257

Table legend: (Time is in decaauts)
 A = Elapsed time spent in this place.
 B = Non-inter-level travel time spent in this place.
 C = Inter-level travel time spent in this place.
 D = Time resting spent in this place.
 E = Time spent auto-exploring this place.
 F = Levels seen in this place.
 G = Mean time per level.
                   A        B        C        D        E       F      G
               +--------+--------+--------+--------+--------+-----+--------+
         Total |   4743 |   4600 |    143 |    572 |   3049 |   6 |  790.5 |
       Dungeon |   4458 |   4333 |    125 |    340 |   3049 |   5 |  891.6 |
        Temple |    284 |    266 |     18 |    232 |      0 |   1 |  284.0 |
               +--------+--------+--------+--------+--------+-----+--------+

Top non-repeatable levels by time:
     D:5: 1359 daAuts
     D:4: 883 daAuts
     D:3: 844 daAuts
     D:2: 740 daAuts
     D:1: 630 daAuts
  Temple: 284 daAuts
